 Dungeon Crawl Stone Soup version 0.24.1-4-ge52af88ad5 (webtiles) character file.

Game seed: 8747445336835029655, levelgen mode: deterministic

452308 Peloso the Minotaur Barricade (level 23, -1/223 HPs)
             Began as a Minotaur Fighter on Apr 18, 2020.
             Was the Champion of Okawaru.
             Killed from afar by a lich (82 damage)
             ... with an iron shot
             ... on level 3 of the Crypt.
             The game lasted 02:42:58 (57138 turns).

Peloso the Minotaur Barricade (Minotaur Fighter)   Turns: 57138, Time: 02:42:58

Health: -1/223     AC: 34    Str: 32    XL:     23   Next: 21%
Magic:  25/25      EV: 13    Int:  5    God:    Okawaru [******]
Gold:   3751       SH:  0    Dex: 12    Spells: 27/27 levels left

rFire    + + +     SeeInvis .   a - +5 double sword (vamp)
rCold    + + +     Gourm    .   c - +0 shield {reflect}
rNeg     + + .     Faith    +   w - +10 plate armour "Hepyx" {rPois rN+}
rPois    +         Spirit   .   E - +0 hat of the Gate {rF++}
rElec    .         Reflect  +   A - -3 cloak of Efoecoss {rF+ rC+++ rN+ Stlth-}
rCorr    .         Harm     .   p - +2 pair of gloves {Str+3}
MR       +....                  x - +2 pair of boots {run}
Stlth    ..........             k - amulet of faith
HPRegen  0.47/turn              q - +3 ring of slaying
MPRegen  0.19/turn              t - +4 ring of slaying

@: confused, slowed, very slow
A: retaliatory headbutt, horns 2
}: 2/15 runes: decaying, gossamer
a: Heroism, Finesse, Renounce Religion


You were on level 3 of the Crypt.
You worshipped Okawaru.
Okawaru was exalted by your worship.
You were not hungry.

You visited 9 branches of the dungeon, and saw 45 of its levels.
You also visited: Sewer.

You collected 5541 gold pieces.
You spent 1790 gold pieces at shops.

Inventory:

Hand Weapons
 a - a +5 vampiric double sword (weapon)
 b - a +3 scimitar of flaming
 u - a +2 demon whip of freezing
Armour
 c - a +0 shield of reflection (worn)
 h - +0 gold dragon scales
 p - a +2 pair of gloves of strength (worn)
 w - the +10 plate armour "Hepyx" (worn) {rPois rN+}
   (You found it on level 1 of the Swamp)

   It protects you from poison.
   It protects you from negative energy.
 x - a +2 pair of boots of running (worn)
 y - a +3 plate armour of magic resistance
 A - the -3 cloak of Efoecoss (worn) {rF+ rC+++ rN+ Stlth-}
   (Okawaru gifted it to you on level 6 of the Lair of Beasts)

   It protects you from fire.
   It renders you almost immune to cold.
   It protects you from negative energy.
   It makes you less stealthy.
 B - a scarf of spirit shield
 E - the +0 hat of the Gate (worn) {rF++}
   (Okawaru gifted it to you on level 3 of the Vaults)

   It greatly protects you from fire.
Jewellery
 k - an amulet of faith (around neck)
 q - a +3 ring of slaying (left hand)
 s - an uncursed ring of resist corrosion
 t - a +4 ring of slaying (right hand)
 G - an uncursed ring of see invisible
 O - an uncursed ring of protection from fire
 R - an uncursed ring of protection from cold
Wands
 C - a wand of acid (11)
 F - a wand of polymorph (9)
Scrolls
 d - a scroll of identify
 e - 19 scrolls of remove curse
 g - 8 scrolls of blinking
 i - a scroll of brand weapon
 m - a scroll of fog
 n - a scroll of enchant armour
 r - 14 scrolls of teleportation
 L - 7 scrolls of magic mapping
 Z - 2 scrolls of noise
Potions
 j - 15 potions of curing
 l - 6 potions of agility
 v - 4 potions of heal wounds
 z - 8 potions of might
 D - 6 potions of flight
 H - 4 potions of mutation
 J - a potion of invisibility
 Q - 2 potions of resistance
 T - 2 potions of haste
 V - a potion of berserk rage
Miscellaneous
 o - a phial of floods
 I - a phantom mirror
 K - a sack of spiders
Comestibles
 f - 62 rations


   Skills:
 + Level 22.1 Fighting
 + Level 22.7 Long Blades
 + Level 3.7 Throwing
 + Level 18.4 Armour
 + Level 8.3 Dodging
 + Level 3.9 Stealth
 O Level 27 Shields
 + Level 4.0 Unarmed Combat
 + Level 2.5 Spellcasting
 + Level 4.3 Invocations
 + Level 2.2 Evocations


You had 27 spell levels left.
You didn't know any spells.
Your spell library contained the following spells:

 Spells                   Type           Power        Failure   Level  Hunger
 Animate Skeleton         Necr           N/A          86%         1    ##.....
 Apportation              Tloc           #.....       86%         1    ##.....
 Corona                   Hex            #......      86%         1    ##.....
 Infusion                 Chrm           #...         86%         1    ##.....
 Magic Dart               Conj           #...         86%         1    ##.....
 Pain                     Necr           #...         86%         1    ##.....
 Sandblast                Erth           #.....       86%         1    ##.....
 Shock                    Conj/Air       #...         86%         1    ##.....
 Summon Butterflies       Summ           #.......     86%         1    ##.....
 Summon Small Mammal      Summ           #...         86%         1    ##.....
 Blink                    Tloc           N/A          95%         2    ###....
 Call Imp                 Summ           #.......     95%         2    ###....
 Corpse Rot               Necr           N/A          95%         2    ###....
 Ensorcelled Hibernation  Hex/Ice        #.....       95%         2    ###....
 Passwall                 Tmut/Erth      #.......     95%         2    ###....
 Poisonous Vapours        Pois/Air       #.....       95%         2    ###....
 Searing Ray              Conj           #.....       95%         2    ###....
 Slow                     Hex            #.......     95%         2    ###....
 Sublimation of Blood     Necr           #.........   95%         2    ###....
 Call Canine Familiar     Summ           #.......     99%         3    ####...
 Confuse                  Hex            #.......     99%         3    ####...
 Conjure Flame            Conj/Fire      #.......     99%         3    ####...
 Dazzling Spray           Conj/Hex       #.....       99%         3    ####...
 Ignite Poison            Fire/Tmut/Pois #.......     99%         3    ####...
 Lesser Beckoning         Tloc           #.........   99%         3    ####...
 Mephitic Cloud           Conj/Pois/Air  #.......     99%         3    ####...
 Recall                   Summ/Tloc      N/A          99%         3    ####...
 Regeneration             Chrm/Necr      #.........   99%         3    ####...
 Stone Arrow              Conj/Erth      #.....       99%         3    ####...
 Summon Guardian Golem    Hex/Summ       #.......     99%         3    ####...
 Tukima's Dance           Hex            #.......     99%         3    ####...
 Vampiric Draining        Necr           #.........   99%         3    ####...
 Animate Dead             Necr           N/A          100%        4    #####..
 Cause Fear               Hex            #.........   100%        4    #####..
 Force Lance              Conj/Tloc      #.......     100%        4    #####..
 Fulminant Prism          Conj/Hex       #.........   100%        4    #####..
 Iskenderun's Mystic Bla  Conj           #.......     100%        4    #####..
 Leda's Liquefaction      Hex/Erth       #.........   100%        4    #####..
 Petrify                  Tmut/Erth      #.......     100%        4    #####..
 Summon Ice Beast         Ice/Summ       #.......     100%        4    #####..
 Summon Lightning Spire   Summ/Air       #.......     100%        4    #####..
 Throw Icicle             Conj/Ice       #.......     100%        4    #####..
 Alistair's Intoxication  Tmut/Pois      #.......     100%        5    ######.
 Bolt of Magma            Conj/Fire/Erth #.........   100%        5    ######.
 Borgnjor's Vile Clutch   Necr/Erth      #.........   100%        5    ######.
 Excruciating Wounds      Chrm/Necr      #.........   100%        5    ######.
 Irradiate                Conj/Tmut      #.........   100%        5    ######.
 Iskenderun's Battlesphe  Conj/Chrm      #.......     100%        5    ######.
 Lee's Rapid Deconstruct  Erth           #.........   100%        5    ######.
 Silence                  Hex/Air        #.........   100%        5    ######.
 Summon Forest            Summ/Tloc      #.........   100%        5    ######.
 Venom Bolt               Conj/Pois      #.........   100%        5    ######.
 Yara's Violent Unravell  Hex/Tmut       #.........   100%        5    ######.
 Bolt of Cold             Conj/Ice       #.........   100%        6    #######
 Death Channel            Necr           #.........   100%        6    #######
 Deflect Missiles         Chrm/Air       #.........   100%        6    #######
 Freezing Cloud           Conj/Ice/Air   #.........   100%        6    #######
 Hydra Form               Tmut           #.........   100%        6    #######
 Invisibility             Hex            #.......     100%        6    #######
 Iron Shot                Conj/Erth      #.........   100%        6    #######
 Simulacrum               Ice/Necr       #.........   100%        6    #######
 Statue Form              Tmut/Erth      #........    100%        6    #######
 Orb of Destruction       Conj           #.........   100%        7    #######
 Ring of Flames           Chrm/Fire      #.........   100%        7    #######
 Spellforged Servitor     Conj/Summ      #.........   100%        7    #######
 Summon Hydra             Summ           #.........   100%        7    #######
 Discord                  Hex            #.........   100%        8    #######
 Shatter                  Erth           #.........   100%        9    #######


Dungeon Overview and Level Annotations

Branches:
Dungeon (15/15)            Temple (1/1) D:5            Lair (6/6) D:9
  Swamp (4/4) Lair:2       Spider (4/4) Lair:4        Slime (0/5) Lair:6
    Orc (2/2) D:12            Elf (0/3) Orc:2        Vaults (5/5) D:13
  Crypt (3/3) Vaults:2       Tomb (0/3) Crypt:3      Depths (5/5) D:15
  Sewer (visited)
    Zot: Depths:5

Altars:
Ashenzari
Cheibriados
Dithmenos
Elyvilon
Fedhas
Gozag
Hepliaklqana
Kikubaaqudgha
Okawaru
Ru
Sif Muna
Trog
Wu Jian
Xom
Yredelemnul
The Shining One

Shops:
D:5 }   D:9 *   Orc:2 ?%=:   Vaults:1 (   Vaults:3 *   Vaults:4 :   Depths:3 :

Portals:
Hell: Depths:1 Depths:2 Depths:3 Depths:4
Abyss: Depths:4
Pandemonium: Depths:3
Ziggurat: Depths:4
Trove: Depths:1 (give +7 demon whip)

Annotations:
Swamp:4 exclusion: oklob plant
Depths:2 2 runed translucent doors, Ynlaza Wopti's ghost, veteran FoFi


Innate Abilities, Weirdness & Mutations

You reflexively headbutt those who attack you in melee.
You have a pair of horns on your head.


Message History

The lich casts a spell.
Something hits you.
Deactivating autopickup; reactivate with Ctrl-A.
The lich gestures at you while chanting.
You are confused.
Found an executioner's axe of draining and a polished leather armour.
Unknown command.
You closely miss the lich.
You headbutt the lich, but do no damage.
You slice the lich!! Your headbutt misses the lich.
The lich is heavily damaged.
Something hits you but does no damage. x2
The lich casts a spell at you. You resist with significant effort.
Unknown command.
You're too confused to move!
Something hits you! Something drains your vigour!
You feel yourself slow down. Something hits you but does no damage.
The lich gestures at you while chanting.
The iron shot hits you!!!!
You die...

*#.8.8.#.#####'
##......#.......
##.......#..8....
#........#.......
##........#..8....
#.........##......
#..........#.8....
##'#........#....#'
#{@##.8...8.#...##.
#.L##....)))#..##..
#2W##.......####...
#..##........#...8.
##$$#........#.....
#$$#........'.....
#$$##..^....#.....
#)[##.8.8...#...8.
**,*#....######..)


You could see a lich, a shadow demon and a wraith.

Vanquished Creatures
  Khufu (Crypt:3)
  Mennas (Vaults:3)
  Mara (Depths:2)
  Boris (Depths:4)
  Saint Roka (Crypt:1)
  The ghost of Waammiq the Devastator, a veteran GrEE of Lugonu (Crypt:1)
  A golden dragon (Depths:4)
  A profane servitor (Crypt:3)
  A bone dragon (Crypt:3)
  The ghost of Tivyoqea the Warrior, an adept GrFi of Cheibriados (Crypt:1)
  Rupert (D:14)
  A lich (Depths:1)
  A quicksilver dragon (Depths:3)
  2 sphinxes
  Kirke (Swamp:3)
  2 tengu reavers
  7 ancient champions
  4 shadow dragons
  A storm dragon (Depths:4)
  3 revenants
  10 fire giants
  An orc warlord (Vaults:4)
  A deep elf sorcerer (Vaults:2)
  A caustic shrike zombie (Crypt:2)
  3 curse skulls
  A ghoul (Crypt:3)
  10 frost giants
  5 emperor scorpions
  4 ghost moths
  7 vault wardens
  32 very ugly things
  A reaper (Crypt:2)
  12 ironheart preservers
  A spriggan defender (Depths:4)
  13 stone giants
  5 entropy weavers
  3 vampire knights
  A war gargoyle (Vaults:4)
  5 deep elf annihilators
  2 spark wasps
  An eidolon (Crypt:2)
  2 mummy priests (Crypt:3)
  4 ettins
  Josephine (D:14)
  3 deep elf death magi
  13 yaktaur captains
  8 jiangshi
  9 fire dragons
  8 great orbs of eyes
  13 ice dragons
  11 hydras
  5 rakshasas
  9 ogre magi
  2 shambling mangroves
  3 spriggan air magi
  21 vault guards
  8 ghost crabs
  14 centaur warriors
  Erica (D:8)
  9 alligators
  9 death knights
  31 two-headed ogres
  7 deep troll shamans
  4 deep troll earth magi
  A merfolk avatar (Lair:6)
  A spriggan berserker (Depths:4)
  6 vampire magi
  9 tengu warriors
  5 deep elf knights
  2 spriggans
  Sonja (D:11)
  8 hell knights
  2 iron trolls
  34 skeletal warriors
  2 shadow wraiths
  12 wizards
  6 deep elf archers
  7 flayed ghosts
  6 swamp dragons
  6 unseen horrors
  2 spriggan druids (Swamp:4)
  8 phantasmal warriors
  26 deep trolls
  An obsidian statue (Crypt:1)
  3 glowing orange brains
  4 spectral hydras (Swamp:4)
  A fire giant zombie (Crypt:1)
  An orb spider (shapeshifter) (Vaults:4)
  5 large abominations
  3 wolf spider zombies
  4 harpies
  13 ironbrand convokers
  4 necromancers
  12 orb spiders
  A mana viper (shapeshifter) (Vaults:4)
  A harpy (shapeshifter) (D:15)
  A stone giant zombie (Crypt:1)
  9 manticores
  17 orc knights
  6 orc sorcerers
  11 cyclopes
  11 deep elf magi
  23 wolf spiders
  2 frost giant zombies
  32 ugly things
  12 vault sentinels
  13 elephants
  A fire giant skeleton (Crypt:1)
  A moth of wrath (shapeshifter) (Depths:4)
  3 black mambas
  The ghost of zerker the Cleaver, a novice HOBe of Trog (D:5)
  A gargoyle (D:15)
  2 torpor snails
  An elephant slug zombie (Crypt:2)
  14 spiny frogs
  3 swamp worm zombies (Swamp:4)
  12 freezing wraiths
  2 kobold demonologists (D:14)
  8 demonic crawlers
  5 rime drakes
  11 komodo dragons
  37 yaktaurs
  4 hydra zombies (Swamp:4)
  An efreet (D:15)
  7 guardian mummies (Crypt:3)
  A queen bee (shapeshifter) (Vaults:1)
  A death drake zombie (Crypt:1)
  41 jumping spiders
  22 trolls
  3 polar bears (Lair:6)
  A wind drake (Lair:6)
  Prince Ribbit (D:8)
  3 tyrant leeches (Swamp:2)
  13 hornets
  A queen bee (Spider:1)
  A jumping spider zombie (Crypt:1)
  3 meliai
  16 blink frogs
  A blink frog (shapeshifter) (Depths:2)
  3 ice dragon zombies
  6 small abominations
  2 ettin zombies
  25 slime creatures
  10 bog bodies
  4 hippogriffs
  A stone giant simulacrum (Crypt:3)
  A spectral swamp dragon (Swamp:4)
  A meliai zombie (Crypt:1)
  3 alligator zombies (Swamp:4)
  A fire dragon zombie (Depths:1)
  38 flying skulls (Crypt:3)
  91 redbacks
  A vampire (D:14)
  13 shadows
  An ice dragon skeleton (Crypt:1)
  A yak (shapeshifter) (Vaults:4)
  24 tarantellas
  5 water elementals
  21 yaks
  2 hogs (Swamp:3)
  6 wyverns
  10 wraiths
  2 basilisks
  A basilisk (shapeshifter) (D:14)
  4 chaos spawn (Depths:4)
  A hog (shapeshifter) (Vaults:3)
  2 hungry ghosts
  14 vampire mosquitoes
  A human (shapeshifter) (Depths:4)
  9 wargs
  A steam dragon (D:8)
  18 swamp worms
  13 insubstantial wisps
  A harpy simulacrum (Crypt:1)
  A torturous demonspawn skeleton (Crypt:2)
  A soldier ant (D:12)
  An acid dragon (shapeshifter) (Vaults:4)
  3 acid dragons
  A floating eye (Depths:3)
  A spiny frog zombie (Crypt:1)
  13 water moccasins
  11 porcupines
  3 ice beasts
  A hornet zombie (D:9)
  A monstrous demonspawn skeleton (Crypt:2)
  7 swamp drakes
  36 orc warriors
  6 sky beasts
  4 black bears
  A spiny frog skeleton (Crypt:2)
  4 swamp dragon zombies
  5 necrophages
  39 ogres
  15 boggarts
  21 centaurs
  An eye of draining (D:13)
  2 eyes of draining (shapeshifter)
  9 phantoms
  3 wolves (D:9)
  A hog zombie (Crypt:2)
  11 crocodiles
  A hippogriff zombie (Crypt:1)
  4 big kobolds
  13 bullfrogs
  An ogre simulacrum (Vaults:1)
  2 wyvern skeletons
  A scorpion (D:9)
  A hornet simulacrum (D:15)
  2 human simulacra
  20 killer bees
  A swamp dragon simulacrum (Crypt:1)
  7 wights
  4 howler monkeys
  9 electric eels
  8 crimson imps
  3 centaur zombies
  16 hounds
  2 quasits
  A bullfrog zombie (D:12)
  2 bullfrog skeletons
  9 jellies
  20 orc priests
  Crazy Yiuf (D:4)
  20 orc wizards
  7 centaur skeletons
  Ijyb (D:4)
  Terence (D:2)
  4 iguanas
  2 spectral swamp drakes (Swamp:4)
  10 worker ants
  2 bullfrog simulacra (D:5)
  4 hound skeletons
  3 worker ant zombies
  Robin (D:4)
  4 gnolls
  A scorpion zombie (Crypt:1)
  A swamp drake zombie (Swamp:4)
  21 adders
  7 shadow imps
  A white imp (D:5)
  12 oozes
  An adder skeleton (D:9)
  An adder zombie (D:9)
  5 worms
  A barachi skeleton (Crypt:2)
  A dart slug (D:1)
  An adder simulacrum (D:5)
  7 leopard geckos
  99 orcs
  15 giant cockroaches
  10 goblins
  12 hobgoblins
  19 jackals
  22 kobolds
  3 quokkas (D:4)
  5 ball pythons
  8 bats
  9 frilled lizards
  A frilled lizard zombie (Crypt:2)
  A goblin zombie (Crypt:1)
  A leopard gecko simulacrum (D:5)
  A quokka simulacrum (D:5)
  4 quokka skeletons
  A quokka zombie (Crypt:1)
  13 rats
  A river rat zombie (Crypt:1)
  5 fungi
  8 plants
1927 creatures vanquished.

Vanquished Creatures (others)
  A fire giant (D:15)
  2 alligators (Swamp:1)
  A deep elf knight (Vaults:3)
  2 yaktaurs
  A redback (Spider:1)
  4 insubstantial wisps (Swamp:4)
  3 boggarts
  3 centaurs
  An orc (D:8)
  6 fungi
  10 plants
34 creatures vanquished.

Grand Total: 1961 creatures vanquished

Notes
Turn   | Place    | Note
-------+----------+-------------------------------------------
     0 | D:1      | Peloso the Minotaur Fighter began the quest for the Orb.
     0 | D:1      | Reached XP level 1. HP: 19/19 MP: 0/0
   312 | D:1      | Reached XP level 2. HP: 27/27 MP: 1/1
   465 | D:1      | Reached skill level 4 in Shields
   567 | D:1      | Reached XP level 3. HP: 33/33 MP: 2/2
   877 | D:2      | Reached skill level 1 in Dodging
  1039 | D:2      | Reached XP level 4. HP: 38/40 MP: 3/3
  1139 | D:2      | Noticed Terence
  1151 | D:2      | Killed Terence
  1727 | D:3      | Reached XP level 5. HP: 43/46 MP: 4/4
  1841 | D:3      | Found a sacrificial altar of Ru.
  2168 | D:3      | Found a hazy altar of Hepliaklqana.
  2169 | D:3      | Found a sacrificial altar of Ru.
  2218 | D:3      | Reached skill level 6 in Shields
  2218 | D:3      | Reached XP level 6. HP: 58/58 MP: 4/8
  2358 | D:4      | Noticed Robin
  2369 | D:4      | Killed Robin
  2389 | D:4      | Reached skill level 7 in Shields
  2389 | D:4      | Reached XP level 7. HP: 33/64 MP: 9/9
  2392 | D:4      | Found an opulent altar of Gozag.
  2510 | D:4      | Noticed Ijyb
  2517 | D:4      | Killed Ijyb
  2592 | D:4      | Found a glowing drain.
  2614 | Sewer    | Entered a sewer
  3957 | D:4      | Found a runed translucent door.
  3958 | D:4      | Noticed Crazy Yiuf
  4161 | D:4      | Killed Crazy Yiuf
  4200 | D:5      | Entered Level 5 of the Dungeon
  4339 | D:5      | Reached XP level 8. HP: 70/71 MP: 10/10
  4703 | D:5      | Reached XP level 9. HP: 68/78 MP: 11/11
  4726 | D:5      | Found Ethroylih's Gadget Shop.
  4734 | D:5      | Reached skill level 8 in Shields
  4858 | D:5      | Found a runed translucent gate.
  4858 | D:5      | Found a runed translucent gate.
  4858 | D:5      | Found a runed translucent gate.
  4884 | D:5      | Noticed zerker's ghost (novice HOBe)
  5315 | D:5      | Found a staircase to the Ecumenical Temple.
  5388 | Temple   | Entered the Ecumenical Temple
  5399 | Temple   | Became a worshipper of Warmaster Okawaru
  5539 | D:6      | Reached skill level 5 in Dodging
  5831 | D:6      | Reached * piety under Okawaru
  7049 | D:7      | Found Hati's Armour Shop.
  7269 | D:7      | Reached ** piety under Okawaru
  7269 | D:7      | Reached XP level 10. HP: 84/86 MP: 12/12
  7486 | D:8      | Noticed Prince Ribbit
  7500 | D:8      | Killed Prince Ribbit
  7500 | D:8      | Reached skill level 9 in Shields
  7540 | D:8      | Noticed a centaur warrior
  7540 | D:8      | Noticed a centaur warrior
  7551 | D:8      | Identified the +6 quarterstaff "Fuveextuco" {freeze,
                  | *Corrode rElec Str+3 Dex+3}
  7569 | D:8      | Killed a centaur warrior
  7569 | D:8      | Reached skill level 10 in Long Blades
  7569 | D:8      | Reached skill level 1 in Evocations
  7582 | D:8      | Killed a centaur warrior
  7582 | D:8      | Reached *** piety under Okawaru
  7988 | D:8      | Found the +4 skin of Zhor {Hibernate rC+++ SInv}
  8005 | D:8      | Identified a +0 pair of boots of running (You found it on
                  | level 8 of the Dungeon)
  8034 | D:8      | Found a bloodstained altar of Trog.
  8034 | D:8      | Found a basalt altar of Yredelemnul.
  8034 | D:8      | Found a blossoming altar of Fedhas.
  8044 | D:8      | Found a shadowy altar of Dithmenos.
  8306 | D:8      | Noticed a green ugly thing
  8315 | D:8      | Killed a green ugly thing
  8315 | D:8      | Reached **** piety under Okawaru
  8316 | D:8      | Noticed Erica
  8338 | D:8      | Killed Erica
  8602 | D:8      | Reached XP level 11. HP: 92/95 MP: 13/13
  8963 | D:9      | Reached skill level 10 in Shields
  9004 | D:9      | Reached skill level 1 in Invocations
  9344 | D:9      | Reached ***** piety under Okawaru
  9344 | D:9      | Received a gift from Okawaru
  9527 | D:9      | Found a bloodstained altar of Trog.
  9569 | D:9      | Found a staircase to the Lair.
  9705 | D:9      | Found an ancient bone altar of Kikubaaqudgha.
  9721 | D:9      | Found a blossoming altar of Fedhas.
  9721 | D:9      | Found a snail-covered altar of Cheibriados.
  9721 | D:9      | Found a glowing golden altar of the Shining One.
  9724 | D:9      | Found a shimmering blue altar of Sif Muna.
  9726 | D:9      | Found an ornate altar of the Wu Jian Council.
  9746 | D:9      | Found Gasodw Cinuc's Assorted Antiques.
  9813 | D:9      | Bought 3 scrolls labeled EZXIUZYAREO for 81 gold pieces
  9933 | D:9      | Noticed a deep elf mage
  9938 | D:9      | Killed a deep elf mage
 10009 | D:10     | Entered Level 10 of the Dungeon
 10592 | D:11     | Noticed a two-headed ogre
 10600 | D:11     | Killed a two-headed ogre
 10616 | D:11     | Noticed Sonja
 10652 | D:11     | Killed Sonja
 10652 | D:11     | Received a gift from Okawaru
 10652 | D:11     | Reached skill level 11 in Shields
 11331 | D:11     | Noticed a red ugly thing
 11343 | D:11     | Killed a red ugly thing
 11360 | D:11     | Noticed a two-headed ogre
 11371 | D:11     | Killed a two-headed ogre
 11415 | D:11     | Received a gift from Okawaru
 11602 | D:12     | Found a staircase to the Orcish Mines.
 11652 | D:12     | Reached skill level 12 in Shields
 11689 | D:12     | Reached skill level 10 in Armour
 11689 | D:12     | Reached XP level 12. HP: 66/106 MP: 11/14
 12108 | D:12     | Found a shimmering blue altar of Sif Muna.
 12639 | Lair:1   | Entered Level 1 of the Lair of Beasts
 12658 | Lair:1   | Reached skill level 10 in Fighting
 12692 | Lair:1   | Noticed a five-headed hydra
 12699 | Lair:1   | Killed a one-headed hydra
 13295 | Lair:1   | Reached skill level 13 in Shields
 13738 | Lair:1   | Noticed an eight-headed hydra
 13748 | Lair:1   | Killed a three-headed hydra
 13834 | Lair:2   | Found a staircase to the Swamp.
 13877 | Lair:2   | Reached ****** piety under Okawaru
 13898 | Lair:2   | Received a gift from Okawaru
 14100 | Lair:2   | Noticed a five-headed hydra
 14110 | Lair:2   | Killed a one-headed hydra
 14151 | Lair:2   | Noticed a seven-headed hydra
 14161 | Lair:2   | Killed a four-headed hydra
 14425 | Lair:2   | Received a gift from Okawaru
 15131 | D:5      | Killed zerker's ghost
 15131 | D:5      | Reached XP level 13. HP: 114/114 MP: 12/15
 15952 | Lair:3   | Reached skill level 14 in Shields
 16495 | Lair:4   | Found a hole to the Spider Nest.
 17511 | Orc:1    | Entered Level 1 of the Orcish Mines
 17830 | Orc:1    | Received a gift from Okawaru
 18096 | Orc:2    | Entered Level 2 of the Orcish Mines
 18559 | Orc:2    | Noticed a stone giant
 18573 | Orc:2    | Killed a stone giant
 18573 | Orc:2    | Received a gift from Okawaru
 18977 | Orc:2    | Got an ichor-stained crystal plate armour {god gift}
 19005 | Orc:1    | Identified the +0 crystal plate armour "Ziunoy" {Stlth+}
                  | (Okawaru gifted it to you on level 2 of the Orcish Mines)
 19036 | Orc:2    | Reached skill level 15 in Shields
 19066 | Orc:2    | Found Lubofeh's Magic Scroll Boutique.
 19098 | Orc:2    | Found Pesuobri's Food Boutique.
 19103 | Orc:2    | Found Ycur's Jewellery Shoppe.
 19105 | Orc:2    | Bought a scroll of teleportation for 36 gold pieces
 19105 | Orc:2    | Bought a scroll of magic mapping for 42 gold pieces
 19105 | Orc:2    | Bought a scroll of enchant armour for 90 gold pieces
 19105 | Orc:2    | Bought a scroll of magic mapping for 42 gold pieces
 19105 | Orc:2    | Bought a scroll of holy word for 90 gold pieces
 19105 | Orc:2    | Bought a scroll of immolation for 42 gold pieces
 19109 | Orc:2    | Found Rooqon's Book Shop.
 19446 | Orc:2    | Found a staircase to the Elven Halls.
 19457 | Orc:2    | Reached XP level 14. HP: 114/126 MP: 16/16
 20104 | D:13     | Found a gate to the Vaults.
 20151 | D:13     | Received a gift from Okawaru
 20201 | D:13     | Reached skill level 15 in Long Blades
 20465 | D:14     | Reached skill level 16 in Shields
 20545 | D:14     | Received a gift from Okawaru
 20577 | D:14     | Noticed Rupert
 20594 | D:14     | Killed Rupert
 20831 | D:14     | Noticed Josephine
 20840 | D:14     | Killed Josephine
 20902 | D:14     | Found a shadowy altar of Dithmenos.
 21637 | D:15     | Entered Level 15 of the Dungeon
 21663 | D:15     | Noticed a purple very ugly thing
 21668 | D:15     | Noticed a frost giant
 22013 | D:15     | Received a gift from Okawaru
 22257 | D:15     | Found a shattered altar of Ashenzari.
 22257 | D:15     | Found an opulent altar of Gozag.
 22258 | D:15     | Found a shimmering altar of Xom.
 22317 | D:15     | Found a staircase to the Depths.
 22450 | D:15     | Reached skill level 17 in Shields
 22504 | D:15     | Noticed a fire giant
 22517 | D:15     | Killed a fire giant
 22517 | D:15     | Reached XP level 15. HP: 22/136 MP: 14/17
 23206 | D:15     | Received a gift from Okawaru
 23322 | D:15     | Received a gift from Okawaru
 23754 | D:15     | Noticed a fire giant
 23759 | D:15     | Killed a fire giant
 23787 | D:15     | Noticed a tengu reaver
 23802 | D:15     | Killed a tengu reaver
 23802 | D:15     | Received a gift from Okawaru
 23888 | D:15     | Reached skill level 18 in Shields
 24064 | D:15     | Killed a frost giant
 24075 | D:15     | Received a gift from Okawaru
 25607 | Lair:6   | Entered Level 6 of the Lair of Beasts
 25670 | Lair:6   | Received a gift from Okawaru
 25801 | Lair:6   | Reached XP level 16. HP: 147/147 MP: 18/18
 25913 | Lair:6   | Got a distressingly furry cloak {god gift}
 25924 | Lair:6   | Identified the -3 cloak of Efoecoss {rF+ rC+++ rN+ Stlth-}
                  | (Okawaru gifted it to you on level 6 of the Lair of Beasts)
 26070 | Lair:6   | Got a warped great sword
 26329 | Lair:6   | Found a staircase to the Slime Pits.
 27082 | D:12     | Identified the +6 great sword of Misery {holy, +Fly rElec
                  | rPois rF- MR+} (You found it on level 6 of the Lair of
                  | Beasts)
 27248 | Swamp:1  | Entered Level 1 of the Swamp
 27657 | Orc:2    | Bought a scroll of identify for 24 gold pieces
 27657 | Orc:2    | Bought a scroll of identify for 24 gold pieces
 27657 | Orc:2    | Bought a scroll of identify for 24 gold pieces
 27663 | Orc:2    | Bought a cursed ring of poison resistance for 255 gold
                  | pieces
 27663 | Orc:2    | Bought a +3 ring of slaying for 675 gold pieces
 27938 | Swamp:1  | Reached skill level 19 in Shields
 28421 | Swamp:1  | Got a heavily runed plate armour
 28432 | Swamp:1  | Identified the +10 plate armour "Hepyx" {rPois rN+} (You
                  | found it on level 1 of the Swamp)
 28580 | Swamp:2  | Received a gift from Okawaru
 29713 | Swamp:3  | Noticed Kirke
 29726 | Swamp:3  | Killed Kirke
 30294 | Swamp:4  | Entered Level 4 of the Swamp
 30454 | Swamp:4  | Received a gift from Okawaru
 30466 | Swamp:4  | Reached skill level 15 in Fighting
 30495 | Swamp:4  | Got a brightly glowing wooden ring
 30516 | Swamp:4  | Identified the ring of Mufoitt {Dex+2 Stlth+} (You found it
                  | on level 4 of the Swamp)
 31287 | Swamp:4  | Reached skill level 20 in Shields
 32172 | Swamp:4  | Got a decaying rune of Zot
 32670 | Spider:1 | Entered Level 1 of the Spider Nest
 32731 | Spider:1 | Reached XP level 17. HP: 116/154 MP: 19/19
 33072 | Spider:1 | Received a gift from Okawaru
 33699 | Spider:2 | HP: 7/155 [poisoned by a redback]
 35093 | Spider:3 | Reached skill level 21 in Shields
 35377 | Spider:3 | Reached skill level 15 in Armour
 35416 | Spider:3 | Received a gift from Okawaru
 36023 | Spider:4 | Entered Level 4 of the Spider Nest
 37167 | Spider:4 | Received a gift from Okawaru
 37407 | Spider:4 | Reached XP level 18. HP: 104/167 MP: 1/20
 37555 | Spider:4 | Got a gossamer rune of Zot
 38523 | Vaults:1 | Entered Level 1 of the Vaults
 38585 | Vaults:1 | Reached skill level 22 in Shields
 38866 | Vaults:1 | Received a gift from Okawaru
 38988 | Vaults:1 | Found Exzukhanyp's Antique Weapon Emporium.
 39003 | Vaults:1 | Bought a bloodstained long sword for 365 gold pieces
 39006 | Vaults:1 | Identified the +10 long sword "Ikkyapoaca" {slice, *Corrode
                  | MP+9 SInv} (You bought it in a shop on level 1 of the
                  | Vaults)
 39452 | Vaults:1 | Paralysed by an orc sorcerer for 3 turns
 39858 | Vaults:2 | Received a gift from Okawaru
 40105 | Vaults:2 | Paralysed by an orc sorcerer for 6 turns
 40289 | Vaults:2 | Received a gift from Okawaru
 40734 | Vaults:2 | Reached skill level 23 in Shields
 40832 | Vaults:2 | Found a staircase to the Crypt.
 40832 | Vaults:2 | Found an ancient bone altar of Kikubaaqudgha.
 40833 | Vaults:2 | Found a basalt altar of Yredelemnul.
 40968 | Vaults:2 | Reached XP level 19. HP: 152/177 MP: 21/21
 41428 | Vaults:3 | Received a gift from Okawaru
 41795 | Vaults:3 | Found Jeehoc's Assorted Antiques.
 41942 | Vaults:3 | Noticed Mennas
 41981 | Vaults:3 | Killed Mennas
 42005 | Vaults:3 | Received a gift from Okawaru
 42244 | Vaults:3 | Received a gift from Okawaru
 42272 | Vaults:3 | Reached skill level 24 in Shields
 42632 | Vaults:3 | Received a gift from Okawaru
 42635 | Vaults:3 | Got a fine hat {god gift}
 42641 | Vaults:3 | Identified the +0 hat of the Gate {rF++} (Okawaru gifted it
                  | to you on level 3 of the Vaults)
 42945 | Vaults:4 | Reached XP level 20. HP: 140/189 MP: 22/22
 43084 | Vaults:4 | Found Plog's Book Shop.
 43285 | Vaults:4 | Identified the Disquisition on Ashen Companions
 43687 | Vaults:4 | Identified the cursed +1 chain mail "Dowu" {*Contam +Blink
                  | Dex+2 Slay+4}
 43877 | Vaults:4 | Received a gift from Okawaru
 43895 | Vaults:4 | Got a translucent ring mail {god gift}
 43896 | Vaults:4 | Identified the +4 ring mail of Coraneba {*Drain rF+++ MR-
                  | SInv} (Okawaru gifted it to you on level 4 of the Vaults)
 44050 | Vaults:5 | Entered Level 5 of the Vaults
 44877 | Depths:1 | Entered Level 1 of the Depths
 45007 | Depths:1 | Paralysed by a wizard for 7 turns
 45227 | Depths:1 | Found a gateway to Hell.
 45241 | Depths:1 | Identified the +5 ring mail "Senni" {rF+ MR- rCorr Str+3}
 45300 | Depths:1 | Received a gift from Okawaru
 45473 | Depths:1 | Paralysed by a sphinx for 3 turns
 45765 | Depths:1 | Reached skill level 25 in Shields
 45782 | Depths:1 | Found a portal to a secret trove of treasure.
 48115 | Depths:2 | Received a gift from Okawaru
 48151 | Depths:2 | Reached XP level 21. HP: 196/200 MP: 23/23
 48416 | Depths:2 | Received a gift from Okawaru
 48450 | Depths:2 | Noticed Mara
 48468 | Depths:2 | Noticed Peloso's illusion
 48472 | Depths:2 | Killed Mara
 48747 | Depths:2 | Found a large runed translucent door.
 48747 | Depths:2 | Found a large runed translucent door.
 48749 | Depths:2 | Noticed Ynlaza Wopti's ghost (veteran FoFi)
 49144 | Depths:3 | Paralysed by a great orb of eyes for 5 turns
 49434 | Depths:3 | Received a gift from Okawaru
 49556 | Depths:3 | Found a one-way gate leading to the halls of Pandemonium.
 49569 | Depths:3 | Found Cebbujam's Book Emporium.
 49684 | Depths:3 | Found a bloodstained altar of Trog.
 49698 | Depths:3 | Found a glowing golden altar of the Shining One.
 49698 | Depths:3 | Found a bloodstained altar of Trog.
 49700 | Depths:3 | Found a basalt altar of Yredelemnul.
 49700 | Depths:3 | Found a shimmering altar of Xom.
 49700 | Depths:3 | Found a shimmering altar of Xom.
 50346 | Depths:4 | Received a gift from Okawaru
 50350 | Depths:4 | Got an ichor-stained chain mail {god gift}
 50351 | Depths:4 | Identified the +6 chain mail "Ahyc" {rElec rPois Dex+6}
                  | (Okawaru gifted it to you on level 4 of the Depths)
 50525 | Depths:4 | Reached skill level 26 in Shields
 50563 | Depths:4 | Noticed Boris
 50586 | Depths:4 | Killed Boris
 51122 | Depths:4 | Noticed a golden dragon
 51147 | Depths:4 | Killed a golden dragon
 51217 | Depths:4 | Reached XP level 22. HP: 196/211 MP: 24/24
 52188 | Depths:4 | Found a gateway to a ziggurat.
 52218 | Depths:4 | Found a one-way gate to the infinite horrors of the Abyss.
 52305 | Depths:5 | Entered Level 5 of the Depths
 52320 | Depths:4 | Received a gift from Okawaru
 53091 | Crypt:1  | Entered Level 1 of the Crypt
 53581 | Crypt:1  | Found a runed translucent gate.
 53581 | Crypt:1  | Found a runed translucent gate.
 53581 | Crypt:1  | Found a runed translucent gate.
 53584 | Crypt:1  | Noticed Tivyoqea's ghost (adept GrFi)
 53584 | Crypt:1  | Noticed Waammiq's ghost (veteran GrEE)
 53987 | Crypt:1  | Received a gift from Okawaru
 54080 | Crypt:1  | Noticed Saint Roka
 54095 | Crypt:1  | Killed Saint Roka
 54561 | Crypt:1  | Killed Waammiq's ghost
 54586 | Crypt:1  | Killed Tivyoqea's ghost
 54738 | Crypt:1  | Found an ancient bone altar of Kikubaaqudgha.
 55503 | Crypt:2  | Received a gift from Okawaru
 56023 | Crypt:3  | Entered Level 3 of the Crypt
 56198 | Crypt:3  | Reached skill level 27 in Shields
 56220 | Crypt:3  | Found an ancient bone altar of Kikubaaqudgha.
 56435 | Crypt:3  | Found the +7 sceptre of Torment {pain, torment}
 56445 | Crypt:3  | Reached XP level 23. HP: 222/222 MP: 25/25
 56463 | Crypt:3  | Got a twisted mace
 56464 | Crypt:3  | Identified the cursed +1 mace of Erchonorph {flame, Stlth+}
                  | (You found it on level 3 of the Crypt)
 56994 | Crypt:3  | Found a staircase to the Tomb.
 56994 | Crypt:3  | Noticed Khufu
 57005 | Crypt:3  | Killed Khufu
 57044 | Crypt:3  | Identified the Catalogue of Good Luck and Conjuration
 57138 | Crypt:3  | Killed from afar by a lich

Levels and vault maps discovered:
D:1:      onia_arrival_handbag, layout_basic, minmay_pentomino_t4
D:2:      minmay_roachtagon, layout_basic, uniq_terence
D:3:      layout_loops_ring, gammafunk_temple_overflow_pools,
          hangedman_ru_absence
D:4:      layout_cave_pools, nicolae_gozag_cash_rules_everything_around_me,
          gup_sewer_entry_pipe, uniq_crazy_yiuf_cottage, uniq_robin, uniq_ijyb
D:5:      layout_cave_pods, temple_hall, serial_glass, glass_columns_c,
          glass_columns_c, due_unseen_surprise, item_on_display_a,
          feat_on_display, gammafunk_ghost_icy, serial_shops,
          nicolae_shop_statue_plus, first_ration
D:6:      layout_loops_corners, chequers_serial_rivers_small_a,
          grunt_ministairs_8
D:7:      minmay_evil_eye, layout_layer_cave, serial_shops,
          kennysheep_little_box, serial_bayou, serial_bayou_shore_a,
          serial_bayou_pond_b, serial_bayou_pond_a, serial_bayou_pond_e
D:8:      minmay_the_grid_octo_2x2 [minmay_the_grid_octo_fan_narrow,
          minmay_the_grid_octo_toaster, minmay_the_grid_octo_shrine,
          minmay_the_grid_octo_prize_square_snowflake], layout_loops_ring,
          minmay_tree_intersection, hangedman_little_slice_of_home, uniq_erica,
          uniq_prince_ribbit1
D:9:      layout_long_grid, trog_ov_bears_minmay, minitemple, erik_lair_island,
          serial_shops, nicolae_shop_waterfront, guppyfry_early_elven_hall
D:10:     layout_irregular_city
D:11:     layout_roguey, uniq_sonja
D:12:     layout_stronghold, minmay_orc_entry_guard_dogs, basic_altar
D:13:     layout_rooms, lightli_vaults_fourway_checkpoint
D:14:     layout_grid_maze, grunt_dithmenos_smoke, uniq_rupert, uniq_josephine
D:15:     hangedman_slaughterboxes
Temple:   hc_temple_tempest_star
Lair:1:   layout_layer_cave, chequers_serial_rivers_small_a,
          serial_bayou_shore_b
Lair:2:   layout_small_grid, skrybe_swamp_entry_bodies, serial_bayou,
          serial_bayou_lake_a, serial_bayou_shore_b, serial_bayou_lagoon_b,
          serial_bayou_crossing
Lair:3:   layout_small_grid
Lair:4:   layout_cave_pods, spider_nest_entry_rubble, infiniplex_staircase_pool
Lair:5:   layout_regular_city
Lair:6:   gammafunk_lair_ancient_temple, layout_misc_corridors,
          nicolae_slime_entry_slimehenge
Swamp:1:  layout_falls_marsh, nicolae_swamp_treefoil
Swamp:2:  layout_basic_swamp, serial_swamp_ruin, evilmike_swamp_ruin_rubble_2,
          evilmike_swamp_ruin_house_5, evilmike_swamp_ruin_house_1
Swamp:3:  layout_falls_marsh, evilmike_swamp_ruin_house_3, swamp_pool2,
          uniq_kirke
Swamp:4:  swamp_pestilence, layout_basic_swamp, infiniplex_staircase_pool_2
Spider:1: layout_spider_delve
Spider:2: layout_spider_delve, nicolae_looking_at_the_future
Spider:3: layout_chambers, drop_trap
Spider:4: spider_rune_water, drop_trap
Orc:1:    layout_diamond_mine, minmay_orc_keep
Orc:2:    st_orc_open, layout_caves, mines2_lemuel
Vaults:1: v_misc_27, v_pattern_2, nicolae_vaults_ring_of_whatevers,
          grunt_vaults_trifunnel, nicolae_vaults_hallways_thing,
          grunt_vaults_focal, vaults_room_door_hall,
          hangedman_vaults_stretched_pinwheel, hangedman_vaults_slice,
          v_misc_33, v_misc_14, ontoclasm_vaults_bender, layout_vaults_omnibox,
          serial_shops, shop
Vaults:2: grunt_vaults_hallway_long, minmay_crypt_entry_necro_gods, v_rooms_4,
          hangedman_vaults_cutoff, nicolae_vaults_big_angled_halls,
          vaults_room_hallway, hangedman_vaults_maws,
          layout_vaults_chaotic_city, serial_glass
Vaults:3: hangedman_vaults_cutoff, vaults_room_pool, vaults_room_stairs_pillars,
          vaults_dpeg_diagonal, vaults_mumra_chevron_long,
          nicolae_vaults_what_the_h, hangedman_vaults_nails,
          nicolae_vaults_border_crossing, v_pattern_5, vaults_room_semicircle,
          vaults_mumra_hex, nicolae_vaults_little_squares_1,
          nicolae_vaults_asterisk, layout_vaults_omnicross, serial_shops,
          nicolae_shop_trees, uniq_mennas
Vaults:4: v_misc_33, vaults_room_pools, nicolae_vaults_fighting_squares,
          grunt_vaults_swirl, nicolae_vaults_inception_statues,
          vaults_mumra_chevron, nicolae_vaults_network_quinsquares
          [nicolae_vaults_network_quincunx_subvault,
          nicolae_vaults_network_quincunx_subvault,
          nicolae_vaults_network_quincunx_subvault,
          nicolae_vaults_network_quincunx_subvault],
          nicolae_vaults_big_angled_halls, ontoclasm_vaults_ring_square,
          v_pattern_4, layout_vaults_maze_bifur, serial_shops,
          nicolae_shop_statue_plus
Vaults:5: serial_shops
Crypt:1:  cheibrodos_crypt_eye_of_stone, layout_chaotic_city,
          gammafunk_ghost_cemetery, tombwall_bobbens,
          grunt_crypt_arrival_webbed, grunt_megastairs_1, uniq_saint_roka
Crypt:2:  layout_rooms, nicolae_crypt_cryptocurrency, grunt_megastairs_3
Crypt:3:  grunt_crypt_end_deaths_head
Depths:1: minmay_tri_stars, layout_small_grid, minmay_door_square, hell_entry,
          nicolae_trove_entry_crossroad, kennysheep_dice, firewood_loft
Depths:2: kennysheep_ambush_hall, layout_basic, ebering_ghost_disaster_area,
          hangedman_coc_ice_floe, infiniplex_staircase_zigzag_2, uniq_mara
Depths:3: minmay_curly_fans, layout_small_grid, minmay_misc_feat_hallway,
          hell_entry, pan_entry, serial_shops, shop, doesnt_xom_only_xom,
          infiniplex_staircase_trident
Depths:4: minmay_big_diamond_grid, layout_cave_shapes, enter_ziggurat_e,
          minmay_room_of_horrors, hangedman_geh_valley,
          minmay_misc_feat_nine_boxes, st_stairs_13,
          hangedman_decor_clover_reticule, uniq_boris
Depths:5: grunt_x_marks_the_spot, layout_gridlike, hell_entry,
          abyss_entry_small_statue_room, hangedman_abyss_or_decor_passed,
          uniq_frederick

Skill      XL: |  1  2  3  4  5  6  7  8  9 10 11 12 13 14 15 16 17 18 19 20 21 22 23 |
---------------+----------------------------------------------------------------------+-----
Armour         | 4 6 7 8 9 10 11 12 13 14 15 16 17 18 | 18.4
Shields        | 4 6 7 8 9 12 13 15 17 18 20 21 23 24 25 26 27 | 27.0
Fighting       | 4 6 7 8 9 10 12 13 14 15 16 17 18 19 20 21 22 | 22.1
Dodging        | 1 4 5 6 7 8 |  8.3
Long Blades    | 3 6 7 8 9 10 12 13 14 15 16 17 18 19 20 21 22 | 22.7
Throwing       | 3 |  3.7
Stealth        | 3 |  3.9
Unarmed Combat | 4 |  4.0
Spellcasting   | 2 |  2.5
Evocations     | 1 2 |  2.2
Invocations    | 1 2 3 4 |  4.3

Action                   |  1- 3 |  4- 6 |  7- 9 | 10-12 | 13-15 | 16-18 | 19-21 | 22-24 || total
-------------------------+-------+-------+-------+-------+-------+-------+-------+-------++-------
Melee: Long sword        |    79 |   117 |   264 |       |       |       |       |       ||   460
       Headbutt          |    11 |    31 |   127 |   182 |   383 |   524 |   498 |   262 ||  2018
       Falchion          |       |       |   272 |   168 |       |       |       |       ||   440
       Scimitar          |       |       |       |   662 |   968 |    33 |       |       ||  1663
       Demon blade       |       |       |       |       |     8 |       |       |       ||     8
       Double sword      |       |       |       |       |   386 |  1808 |  1400 |   761 ||  4355
Invok: Heroism           |       |       |       |    11 |    16 |     4 |     6 |     4 ||    41
       Finesse           |       |       |       |       |     1 |       |     2 |     3 ||     6
Evoke: Wand              |       |       |     6 |     8 |       |     6 |       |     1 ||    21
  Use: Scroll            |     3 |     3 |     3 |     6 |     8 |    15 |     8 |     5 ||    51
       Potion            |     2 |     2 |     4 |       |     1 |     3 |     3 |       ||    15
 Stab: Confused          |       |       |       |       |       |     1 |       |       ||     1
  Eat: Chunk             |       |     4 |    15 |    17 |    23 |    29 |    29 |     7 ||   124
       Ration            |       |       |     1 |     2 |     3 |     6 |     1 |     4 ||    17
Armor: Scale mail        |    33 |    44 |    45 |       |       |       |       |       ||   122
       Plate armour      |       |       |    63 |   341 |   120 |  1089 |   660 |   340 ||  2613
       Crystal plate arm |       |       |       |       |   460 |    78 |       |       ||   538
Dodge: Dodged            |    36 |    98 |   160 |   198 |   372 |   627 |   429 |   192 ||  2112
Block: Shield            |    50 |    86 |   227 |    78 |       |    64 |  1272 |   619 ||  2396
       Large shield      |       |       |       |   667 |  1432 |  2439 |       |       ||  4538
       Reflection        |       |       |       |       |       |    22 |    81 |     4 ||   107
       Rpst.: Long sword |    12 |    32 |    19 |       |       |       |       |       ||    63
       Falchion          |       |       |    26 |     7 |       |       |       |       ||    33
       Scimitar          |       |       |       |    45 |    53 |     3 |       |       ||   101
       Demon blade       |       |       |       |       |     1 |       |       |       ||     1
       Double sword      |       |       |       |       |    29 |    87 |    69 |    52 ||   237
